 Dungeon Crawl Stone Soup version 0.30-a0-738-g116ff8c4af (webtiles) character file.

Game seed: 6848733728412556793

9448 kiwi3s the Cleaver (level 11, -4/148 HPs)
             Began as a Minotaur Berserker on Feb 3, 2023.
             Was an Elder of Trog.
             Killed from afar by Erolcha (16 damage)
             ... with a fireball
             ... on level 10 of the Dungeon.
             The game lasted 00:16:16 (11358 turns).

kiwi3s the Cleaver (Minotaur Berserker)            Turns: 11358, Time: 00:16:16

Health: -4/148     AC: 15    Str: 23    XL:     11   Next: 23%
Magic:  10/10      EV: 10    Int: 11    God:    Trog [****..]
Gold:   593        SH:  6    Dex: 13    Spells: 10/10 levels left

rFire   . . .      SeeInvis .    a - +1 hand axe
rCold   . . .      Faith    .    y - +1 buckler
rNeg    . . .      Spirit   .    K - +0 chain mail
rPois   .          Reflect  .    (helmet restricted)
rElec   .          Harm     .    (no cloak)
rCorr   .          Rampage  .    r - +2 pair of gloves
Will    .....                    (no boots) Stlth
                                 e - amulet "Sajutuo" {Acrobat Int+7}
HPRegen 0.44/turn                (no ring)
MPRegen 0.12/turn                (no ring)

@: berserking, very quick
A: horns 2, retaliatory headbutt
a: Renounce Religion, Berserk, Trog's Hand, Brothers in Arms


You were on level 10 of the Dungeon.
You worshipped Trog.
Trog was greatly pleased with you.
You visited 1 branch of the dungeon, and saw 10 of its levels.
You also visited: Sewer.

You collected 623 gold pieces.
You spent 30 gold pieces at shops.

Inventory:

Hand Weapons
 a - a +1 hand axe (weapon)
Armour
 r - a +2 pair of gloves (worn)
 y - a +1 buckler (worn)
 K - a +0 chain mail (worn)
Jewellery
 e - the amulet "Sajutuo" (around neck) {Acrobat Int+7}
   (You found it on level 9 of the Dungeon)

   [amulet of the acrobat]

   It increases your evasion while moving and waiting.
   Int:       It affects your intelligence (+7).
 l - an amulet of the acrobat
 z - a ring of willpower
 I - a ring of poison resistance
Wands
 o - a wand of flame (8)
Scrolls
 b - 8 scrolls of identify
 g - 5 scrolls of enchant armour
 i - 6 scrolls of teleportation {unknown}
 k - 2 scrolls of magic mapping
 p - 2 scrolls of poison {unknown}
 q - a scroll of enchant weapon
 v - 3 scrolls of vulnerability {unknown}
 H - 2 scrolls of blinking {unknown}
Potions
 c - 3 potions of attraction {unknown}
 d - a potion of lignification {unknown}
 f - 2 potions of berserk rage {unknown}
 h - 2 potions of flight {unknown}
 m - 3 potions of curing
 n - 5 potions of ambrosia {unknown}
 s - 2 potions of invisibility {unknown}
 t - a potion of cancellation {unknown}
 u - a potion of haste {unknown}
 w - a potion of resistance {unknown}
 A - 2 potions of brilliance {unknown}
 B - 2 potions of heal wounds {unknown}
 C - 5 potions of might
 D - 5 potions of mutation {unknown}
 F - 2 potions of experience {unknown}
 G - 2 potions of magic {unknown}
Miscellaneous
 j - a tin of tremorstones (2/2)


   Skills:
 + Level 10.0 Fighting
 + Level 13.3 Axes
 + Level 10.9 Armour
 + Level 6.1 Dodging
 - Level 0.1 Stealth
 + Level 5.9 Shields
 - Level 1.0 Unarmed Combat


You had 10 spell levels left.
You didn't know any spells.
Your spell library was empty.

Dungeon Overview and Level Annotations

Branches:
Dungeon (10/15)            Temple (0/1) D:4            Lair (0/5) D:8
  Sewer (visited)
    Orc: D:9-12

Altars:
Cheibriados
Gozag
Hepliaklqana
Kikubaaqudgha
Jiyva

Shops:
D:1 (!   D:10 *

Annotations:
D:7 2 transporters
D:10 Erolcha


Innate Abilities, Weirdness & Mutations

You have a pair of horns on your head.
You reflexively headbutt those who attack you in melee.


Message History

You hit Joseph. You headbutt Joseph.
Joseph is moderately wounded.
You closely miss Joseph.
Joseph is moderately wounded.
Joseph hits you with a +0 quarterstaff!
You hit Joseph.
Joseph is moderately wounded.
Joseph hits you with a +0 quarterstaff!
* * * LOW HITPOINT WARNING * * *
You slash Joseph!
Joseph is heavily wounded.
You slash Joseph! You headbutt Joseph.
Joseph is severely wounded.
Joseph hits you with a +0 quarterstaff!
* * * LOW HITPOINT WARNING * * *
Joseph unwields a +0 quarterstaff.
Joseph wields a +0 sling.
Joseph shoots a sling bullet.
You block the sling bullet.
You fail to use your ability.
Joseph attacks as you move away!
Joseph unwields a +0 sling.
Joseph wields a +0 quarterstaff.
Joseph barely misses you. You furiously retaliate!
You headbutt Joseph!
Joseph unwields a +0 quarterstaff.
Joseph wields a +0 sling.
Joseph shoots a sling bullet.
The sling bullet hits you.
* * * LOW HITPOINT WARNING * * *
A red film seems to cover your vision as you go berserk!
You feel yourself moving faster!
You feel mighty!
Joseph shoots a sling bullet.
The sling bullet hits you!
* * * LOW HITPOINT WARNING * * *
You feel a strong urge to attack something.
You slash Joseph! You headbutt Joseph.
Joseph is almost dead.
Joseph unwields a +0 sling.
Joseph wields a +0 quarterstaff.
Joseph hits you but does no damage.
You slash Joseph!
You kill Joseph!
Trog accepts your kill.
You hear some strange, mumbled words.
A fireball appears from out of thin air!
The fireball explodes!
The fireball engulfs you!
You die...

################### #####
........{)@.......# #....
........########..# #....
..................#####....
.............††............
........#....≈≈≈...########
..........≈≈≈≈#≈...#
..)....≈≈≈≈#≈≈≈≈...########
......@≈#≈≈≈≈#≈≈≈...(......
.......≈≈≈#≈≈≈≈#≈..........


There were no monsters in sight!

Vanquished Creatures
  A two-headed ogre (D:10)
  4 death yaks
  Pikel (D:3)
  Joseph (D:10)
  Maurice (D:8)
  Psyche (D:8)
  3 hornets
  Grinder (D:3)
  A shadow (D:10)
  5 slime creatures (D:9)
  A wraith (D:9)
  2 yaks (D:7)
  A water moccasin (D:8)
  4 orc warriors
  An ogre (D:6)
  2 centaurs (D:7)
  3 lemures (D:4)
  6 bullfrogs
  A necrophage (D:6)
  3 scorpions
  10 killer bees
  5 howler monkeys
  3 hounds
  2 jellies (Sewer)
  3 orc priests
  An iguana (D:6)
  Natasha (thrice) (D:4)
  8 orc wizards
  4 gnolls (D:3)
  10 adders
  4 shadow imps
  A white imp (D:8)
  An ufetubus (D:4)
  2 worms
  5 dart slugs
  31 orcs
  10 ball pythons
  19 endoplasms
  11 giant cockroaches
  4 goblins
  8 hobgoblins
  8 jackals (D:3)
  5 quokkas
  7 bats
  8 frilled lizards
  8 kobolds
  11 rats
235 creatures vanquished.

Vanquished Creatures (collateral kills)
  A death yak (D:8)
1 creature vanquished.

Grand Total: 236 creatures vanquished

Notes
Turn   | Place    | Note
-------+----------+-------------------------------------------
     0 | D:1      | kiwi3s the Minotaur Berserker began the quest for the Orb.
     0 | D:1      | Reached XP level 1. HP: 19/19 MP: 0/0
    88 | D:1      | Reached XP level 2. HP: 16/27 MP: 1/1
    94 | D:1      | Reached skill level 4 in Axes
   203 | D:1      | Found Diusaphu's Weapon Boutique.
   608 | D:1      | Found Urog's Distillery.
   617 | D:1      | Bought a potion of curing for 30 gold pieces
   729 | D:2      | Reached ** piety under Trog
   734 | D:2      | Reached XP level 3. HP: 26/34 MP: 2/2
   899 | D:2      | Reached XP level 4. HP: 32/41 MP: 3/3
  1625 | D:2      | Reached skill level 5 in Axes
  2265 | D:3      | Reached XP level 5. HP: 41/47 MP: 4/4
  2368 | D:3      | Reached *** piety under Trog
  2372 | D:3      | Reached skill level 5 in Fighting
  2725 | D:3      | Noticed Grinder
  2733 | D:3      | Paralysed by Grinder for 3 turns
  2743 | D:3      | Killed Grinder
  2744 | D:3      | Reached skill level 6 in Axes
  2744 | D:3      | Reached XP level 6. HP: 19/56 MP: 5/5
  2934 | D:3      | Found a faded altar of an unknown god.
  3089 | D:4      | Noticed Pikel
  3279 | D:3      | Killed Pikel
  3280 | D:3      | Reached skill level 7 in Axes
  3280 | D:3      | Reached skill level 1 in Unarmed Combat
  3280 | D:3      | Reached XP level 7. HP: 20/63 MP: 6/6
  3473 | D:4      | Reached skill level 1 in Shields
  3596 | D:4      | Found a glowing drain.
  3606 | Sewer    | Entered a sewer
  3716 | Sewer    | Reached **** piety under Trog
  3790 | Sewer    | Found a viscous altar of Jiyva.
  3798 | Sewer    | Reached skill level 8 in Axes
  3806 | Sewer    | Reached skill level 5 in Armour
  3918 | Sewer    | Reached XP level 8. HP: 69/70 MP: 7/7
  3975 | D:4      | Found a staircase to the Ecumenical Temple.
  3977 | D:4      | Noticed Natasha
  3985 | D:4      | Killed Natasha
  4119 | D:4      | Noticed Natasha
  4131 | D:4      | Killed Natasha
  4218 | D:4      | Noticed Natasha
  4228 | D:4      | Killed Natasha
  4320 | D:5      | Entered Level 5 of the Dungeon
  4636 | D:5      | Found a hazy altar of Hepliaklqana.
  5692 | D:6      | Reached skill level 9 in Axes
  6129 | D:7      | Reached skill level 5 in Dodging
  6518 | D:7      | Reached XP level 9. HP: 28/79 MP: 8/8
  6911 | D:7      | Reached skill level 10 in Axes
  7056 | D:7      | Found a transporter.
  7057 | D:7      | Found an opulent altar of Gozag.
  7057 | D:7      | Noticed a boulder beetle
  7057 | D:7      | Noticed a centaur warrior
  7058 | D:7      | Found a snail-covered altar of Cheibriados.
  7058 | D:7      | Noticed a troll
  7059 | D:7      | Found an ancient bone altar of Kikubaaqudgha.
  7117 | D:7      | Found a transporter.
  7876 | D:8      | Identified the +9 spear of Pandemonium {flame, rN+ Dex+3}
  7879 | D:8      | Noticed a death yak
  7879 | D:8      | Noticed a death yak
  7880 | D:8      | Noticed a death yak
  7880 | D:8      | Noticed a death yak
  7881 | D:8      | Noticed a death yak
  7889 | D:8      | Killed a death yak
  7890 | D:8      | Reached skill level 11 in Axes
  7890 | D:8      | Found a staircase to the Lair.
  7894 | D:8      | Killed a death yak
  7895 | D:8      | Reached XP level 10. HP: 77/89 MP: 9/9
  7904 | D:8      | Killed a death yak
  7915 | D:8      | Killed a death yak
  7916 | D:8      | Reached skill level 5 in Shields
  8368 | D:7      | Killed a death yak
  8369 | D:7      | Reached skill level 12 in Axes
  9115 | D:8      | Noticed Psyche
  9189 | D:8      | Killed Psyche
  9190 | D:8      | Reached skill level 10 in Armour
  9470 | D:9      | Paralysed by a hornet for 2 turns
  9619 | D:9      | Found a transporter.
  9756 | D:9      | Noticed Maurice
  9992 | D:8      | Killed Maurice
 10223 | D:9      | Reached XP level 11. HP: 31/99 MP: 10/10
 10643 | D:9      | Found a transporter.
 10663 | D:9      | Found a viscous altar of Jiyva.
 10709 | D:9      | Reached skill level 13 in Axes
 10720 | D:9      | Identified the amulet "Sajutuo" {Acrobat Int+7}
 10909 | D:10     | Entered Level 10 of the Dungeon
 10918 | D:10     | Found Tyniq's Island Escapes.
 10952 | D:10     | Noticed a two-headed ogre
 10987 | D:10     | Killed a two-headed ogre
 10988 | D:10     | Reached skill level 10 in Fighting
 11321 | D:10     | Noticed Joseph
 11322 | D:10     | Noticed Erolcha
 11358 | D:10     | Killed Joseph
 11358 | D:10     | Killed from afar by Erolcha

Illustrated notes

Levels and vault maps discovered:
D:1:      dpeg_arrival_tiny_a, layout_rooms, serial_shops, shop, shop,
          minmay_tall_x
D:2:      minmay_recursive_quarters, layout_basic
D:3:      minmay_octagon_keep, layout_rooms, shapermc_ecumenical_altar_petra,
          uniq_grinder
D:4:      layout_rooms, minmay_temple_entry_nine_rooms, portal_sewer_entry_f,
          uniq_pikel, uniq_natasha
D:5:      layout_loops_ring, mainiacjoe_overflow_brackets
D:6:      layout_basic, chequers_serial_rivers_large_b, dk_rats_in_the_wall
D:7:      minmay_evil_eye, layout_loops_corners, gammafunk_temple_overflow_arena
D:8:      layout_basic, dpeg_lair_monsters, dk_noncrumbling_3, uniq_psyche
D:9:      gammafunk_jiyva_shrine, layout_basic, uniq_maurice
D:10:     layout_long_grid, kennysheep_nondescript, nicolae_lava_and_water,
          nicolae_island_escapes, uniq_joseph, uniq_erolcha

Skill      XL: |  1  2  3  4  5  6  7  8  9 10 11 |
---------------+----------------------------------+-----
Axes           | 4 5 6 7 8 9 11 12 13 | 13.3
Fighting       | 4 5 6 7 8 9 10 | 10.0
Armour         | 3 4 5 6 8 10 | 10.9
Dodging        | 3 4 5 6 |  6.1
Unarmed Combat | 1 |  1.0
Shields        | 1 2 4 5 |  5.9
Stealth        | |  0.1

Action                     |  1- 3 |  4- 6 |  7- 9 | 10-12 || total
---------------------------+-------+-------+-------+-------++-------
  Melee: Hand axe          |    67 |   129 |   317 |   262 ||   775
         Headbutt          |     5 |    13 |    57 |    48 ||   123
         Punch             |       |     1 |       |       ||     1
         Unarmed           |       |    14 |       |     3 ||    17
 Invoke: Berserk           |       |     2 |     2 |     2 ||     6
         Brothers in Arms  |       |       |       |     2 ||     2
    Use: Scroll            |       |     2 |     7 |     1 ||    10
         Potion            |       |       |     3 |       ||     3
   Stab: Sleeping          |       |     1 |       |       ||     1
 Armour: Animal skin       |    15 |     2 |       |       ||    17
         Scale mail        |       |    53 |    39 |       ||    92
         Chain mail        |       |       |    82 |    93 ||   175
         Skin              |       |       |       |     1 ||     1
  Dodge: Dodged            |    43 |   113 |   120 |    94 ||   370
  Block: Buckler           |       |    10 |    65 |    57 ||   132

Table legend: (Time is in decaauts)
 A = Elapsed time spent in this place.
 B = Non-inter-level travel time spent in this place.
 C = Inter-level travel time spent in this place.
 D = Time resting spent in this place.
 E = Time spent auto-exploring this place.
 F = Levels seen in this place.
 G = Mean time per level.
                   A        B        C        D        E       F      G
               +--------+--------+--------+--------+--------+-----+--------+
         Total |  11334 |  10614 |    720 |   1992 |   6936 |  11 | 1030.4 |
       Dungeon |  10984 |  10264 |    720 |   1992 |   6714 |  10 | 1098.4 |
         Sewer |    349 |    349 |      0 |      0 |    222 |   1 |  349.0 |
               +--------+--------+--------+--------+--------+-----+--------+

Top non-repeatable levels by time:
     D:7: 2491 daAuts
     D:2: 1352 daAuts
     D:3: 1299 daAuts
     D:9: 1214 daAuts
     D:8: 1166 daAuts
     D:6: 963 daAuts
     D:5: 710 daAuts
     D:1: 690 daAuts
     D:4: 662 daAuts
    D:10: 434 daAuts
   Sewer: 349 daAuts
